 Dungeon Crawl Stone Soup version 0.28-a0-932-g843f935a50 (webtiles) character file.

Game seed: 3421571164783108048

4 Sobieck the Caller (level 1, 7/7 HPs)
             Began as a Felid Summoner on Nov 27, 2021.
             Was a Follower of Zin.
             Got out of the dungeon alive.
             The game lasted 00:01:38 (392 turns).

Sobieck the Caller (Felid Summoner)                  Turns: 392, Time: 00:01:38

Health: 7/7        AC:  5    Str:  4    XL:     1   Next: 50%
Magic:  4/4        EV: 17    Int: 16    God:    Zin [*.....]
Gold:   0          SH:  0    Dex: 16    Spells: 3/4 levels left
                                        Lives:  0   Deaths: 0

rFire   . . .      SeeInvis +   (weapon unavailable)
rCold   . . .      Faith    .   (shield unavailable)
rNeg    . . .      Spirit   .   (armour unavailable)
rPois   .          Reflect  .   (helmet unavailable)
rElec   .          Harm     .   (cloak unavailable)
rCorr   .          Rampage  .   (gloves unavailable)
Will    .....                   (boots unavailable)
Stlth   ++........              (no amulet)
HPRegen 0.02/turn               a - +4 ring of protection
MPRegen 0.09/turn               (no ring)

@: quick
A: very small, claws 1, fangs 3, see invisible, speed 1, shaggy fur 1, stealthy
paws, no weapons or thrown items, no armour, multi-lived
a: Renounce Religion, Recite, Donate Gold


You escaped.
You worshipped Zin.
Zin was aware of your devotion.
You visited 1 branch of the dungeon, and saw 1 of its levels.


Innate Abilities, Weirdness & Mutations

You have sharp claws.
You have razor-sharp teeth.
You have supernaturally acute eyesight. (SInv)
You cover ground quickly. (Speed+)
You are covered in fur. (AC +1)
Your paws help you pounce on unaware monsters.
You are incapable of wielding weapons or throwing items.
You cannot wear armour.
You gain extra lives every three experience levels.


   Skills:
 - Level 2.6 Dodging
 - Level 2.6 Stealth
 + Level 2.1 Spellcasting
 + Level 4.1 Summonings


You had 3 spell levels left.
You knew the following spells:

 Your Spells              Type           Power      Damage    Failure   Level
a - Summon Small Mammal   Summ           56%        N/A       3%          1

Your spell library contained the following spells:

 Spells                   Type           Power      Damage    Failure   Level
 Call Imp                 Summ           14%        N/A       6%          2
 Call Canine Familiar     Summ           14%        N/A       12%         3
 Summon Guardian Golem    Hex/Summ       8%         N/A       26%         3
 Summon Lightning Spire   Summ/Air       8%         N/A       65%         4

Inventory:

Jewellery
 a - a +4 ring of protection (left paw)
   (You found it on level 1 of the Dungeon)
Scrolls
 c - a scroll of brand weapon {unknown}
Potions
 b - a potion of curing {unknown}

Dungeon Overview and Level Annotations

Branches:
Dungeon (1/15)

Altars:
Zin

♣♣≈≈♣####.# #.##...#.......
###......# #......#.......
##...### #####..#.......
#...###########.§..#.......
#...............#..........
#.###############.##.......
#......###≈≈≈≈≈##'##.#.....
#####.###........8###....##
#.##..@.........+.####
#.###........8###.# #.#
##≈≈≈≈≈##'# #.# #[#
########.# #.# #.#
#####.###.# #.# #.........#
#.# #.######### #.# #.# #.#
#.#


There were no monsters in sight!


Message History

You scratch the kobold but do no damage.
The kobold closely misses you.
Your rat closely misses the kobold.
Unknown command.
Casting: Summon Small Mammal (safe; 4% risk of failure)
Confirm with . or Enter, or press ? or * to list all spells.
Your rat barely misses the kobold.
The kobold closely misses you.
The kobold throws a stone.
The stone barely misses you.
Your rat closely misses the kobold.
Your rat completely misses the kobold.
Your quokka bites the kobold.
The kobold dies!
You see here a +0 club {mace}.
You swap places.
Things that are here:
a +0 whip {mace}; 2 stones {throwing} You start resting.
Your rat disappears in a puff of smoke!
Unknown command.
Unknown command.
Found a faded altar of an unknown god.
Unknown command.
You see here 19 bolts.
Your quokka disappears in a puff of smoke!
Found a stone staircase leading down.
Unknown command.
You enter the shallow water.
Moving in this stuff is going to be slow.
An endoplasm comes into view.
You see here a +0 scale mail.
Danger!
Unknown command.
What are your orders? t - Meow!
Orders for allies: a - Attack new target. r - Retreat! s - Stop attacking. g - Guard the area. f - Follow me.
Anything else - Cancel.
Gang up on whom?
Press: ? - help, Dir - move target, f - endoplasm
Aim: an endoplasm (asleep, ally target) Attack!
Your bat hits the endoplasm.
The endoplasm quivers.
The endoplasm barely misses your bat.
Your bat hits the endoplasm.
Your bat barely misses the endoplasm.
Your bat hits the endoplasm but does no damage.
The endoplasm barely misses your bat.
Your bat hits the endoplasm.
Your bat barely misses the endoplasm.
Your bat barely misses the endoplasm.
Your bat hits the endoplasm but does no damage.
Your bat barely misses the endoplasm.
The endoplasm misses your bat.
Your bat hits the endoplasm.
Your bat hits the endoplasm but does no damage.
Your bat hits the endoplasm. The endoplasm hits your bat.
Your bat hits the endoplasm.
The endoplasm dies!
Unknown command.
You enter the shallow water.
Moving in this stuff is going to be slow.
Your bat disappears in a puff of smoke!
There is a faded altar of an unknown god here.
You cannot tell which god this altar belongs to.
Convert to them anyway?
Okay, then.
You cannot tell which god this altar belongs to.
Convert to them anyway?
Zin accepts your prayer! Zin welcomes you!
You can now donate money to Zin.
You can now recite Zin's Axioms of Law.
Things that are here:
a +0 whip {mace}; 2 stones {throwing} You see here a +0 club {mace}.
There is an open door here.
You open the door.
There is an open door here.
You see here a +0 scale mail.
You enter the shallow water.
Moving in this stuff is going to be slow.
You enter the shallow water.
Moving in this stuff is going to be slow.
You enter the shallow water.
Moving in this stuff is going to be slow.
Found a stone staircase leading down.
(D) Dungeon
Where to? (? - help)
Okay, then.
(D) Dungeon
Where to? (? - help)
What level of the Dungeon? (default 1, ? - help) You're already here!
(D) Dungeon
Where to? (Enter - D:1, ? - help)
What level of the Dungeon? (default 1, ? - help)
Okay, then.
You enter the shallow water.
Moving in this stuff is going to be slow.
Your quokka disappears in a puff of smoke!
There is an open door here.
There is a staircase leading out of the dungeon here.
Are you sure you want to leave the Dungeon?
This will make you lose the game!
You have escaped!

Action                   || total
-------------------------++-------
Melee: Unarmed           ||     4
 Cast: Summon Small Mamm ||     8
Armor: Skin              ||     1
Dodge: Dodged            ||     7

Levels and vault maps discovered:
D:1:      wander_arrival_chamber, layout_basic,
          hellmonk_ecumenical_altar_prayer_group, serial_bayou_lake_a

Notes
Turn   | Place    | Note
-------+----------+-------------------------------------------
     0 | D:1      | Sobieck the Felid Summoner began the quest for the Orb.
     0 | D:1      | Reached XP level 1. HP: 7/7 MP: 4/4
   133 | D:1      | Found a faded altar of an unknown god.
   221 | D:1      | Prayed at the altar of an unknown god.
   221 | D:1      | Became a worshipper of Zin the Law-Giver
   221 | D:1      | Reached * piety under Zin
   392 | D:$      | Got out of the dungeon alive.

Vanquished Creatures
  A goblin (D:1)
1 creature vanquished.

Vanquished Creatures (collateral kills)
  An endoplasm (D:1)
  A kobold (D:1)
  A rat (D:1)
3 creatures vanquished.

Grand Total: 4 creatures vanquished

Table legend:
 A = Non-vault XP
 B = Vault XP
 C = Vault XP percentage of total XP
 D = Non-vault monster count
 E = Vault monster count
 F = Vault count percentage of total count
                 A         B        C        D         E       F
            +---------+---------+-------+---------+---------+-------
      Total |       3 |       3 |  50.0 |       2 |       2 |  50.0
            +---------+---------+-------+---------+---------+-------
        D:1 |       3 |       3 |  50.0 |       2 |       2 |  50.0
            +---------+---------+-------+---------+---------+-------

Illustrated notes

Table legend:
 A = Kills in this place as a percentage of kills in entire the game.
 B = Kills by you in this place as a percentage of kills by you in the entire game.
 C = Kills by friends in this place as a percentage of kills by friends in the entire game.
 D = Other kills in this place as a percentage of other kills in the entire game.
 E = Experience gained in this place as a percentage of experience gained in the entire game.
 F = Experience gained in this place divided by the number of levels of this place that you have seen.
                   A       B       C       D       E      F
               +-------+-------+-------+-------+-------+----------------------
         Total | 100.0 | 100.0 | 100.0 |   N/A | 100.0 |   6.0
       Dungeon | 100.0 | 100.0 | 100.0 |   N/A | 100.0 |   6.0
               +-------+-------+-------+-------+-------+----------------------

Table legend: (Time is in decaauts)
 A = Elapsed time spent in this place.
 B = Non-inter-level travel time spent in this place.
 C = Inter-level travel time spent in this place.
 D = Time resting spent in this place.
 E = Time spent auto-exploring this place.
 F = Levels seen in this place.
 G = Mean time per level.
                   A        B        C        D        E       F      G
               +--------+--------+--------+--------+--------+-----+--------+
         Total |    354 |    318 |     36 |     23 |    213 |   1 |  354.0 |
       Dungeon |    354 |    318 |     36 |     23 |    213 |   1 |  354.0 |
               +--------+--------+--------+--------+--------+-----+--------+

Top non-repeatable levels by time:
     D:1: 354 daAuts
